 Dungeon Crawl Stone Soup version 0.18-a0-329-g5b4d444 (webtiles) character file.

6861 Proton the Blocker (level 11, -1/87 HPs)
             Began as a Formicid Fighter on Nov 28, 2015.
             Was a Follower of Ru.
             Slain by a titanic slime creature (64 damage)
             ... on level 12 of the Dungeon.
             The game lasted 00:15:56 (8936 turns).

Proton the Blocker (Formicid Fighter)               Turns: 8936, Time: 00:15:56

Health: -1/87      AC: 17    Str: 26    XL:     11   Next: 26%
Magic:  11/11      EV: 14    Int:  7    God:    Ru [*.....]
Gold:   592        SH: 12    Dex: 13    Spells: 0 memorised, 10 levels left

rFire  . . .     SeeInvis +     a - +0 war axe
rCold  . . .     Clarity  .     i - +4 ring mail
rNeg   . . .     SustAt   .     c - +0 shield
rPois  .         Gourm    .     (helmet unavailable)
rElec  .         Spirit   .     j - +0 cloak
rCorr  .         Warding  .     n - +2 pair of gloves
rMut   .         Stasis   +     (no boots)
MR     +....                    (no amulet)
Stlth  ..........               t - +4 ring of dexterity
                                u - +3 ring of strength

@: somewhat resistant to hostile enchantments, extremely unstealthy
A: permanent stasis, dig shafts and tunnels, four strong arms, antennae 3, rough
black scales 1, blurry vision 1, deformed body, weak 1, subdued magic 1, no
stealth, hated by all
a: Dig, Shaft Self, Renounce Religion


You were on level 12 of the Dungeon.
You worshipped Ru.
Ru was aware of your devotion.
You were not hungry.

You visited 1 branch of the dungeon, and saw 12 of its levels.

You collected 592 gold pieces.

Inventory:

Hand Weapons
 a - a +0 war axe (weapon)
Armour
 c - a +0 shield (worn)
 i - a +4 ring mail (worn)
 j - a +0 cloak (worn)
 n - a +2 pair of gloves (worn)
Jewellery
 t - a +4 ring of dexterity (right hand)
 u - a +3 ring of strength (left hand)
Wands
 p - a wand of fireball (8)
 y - a wand of fire (10)
Scrolls
 f - 5 scrolls of blinking {unknown}
 g - 2 scrolls of magic mapping {unknown}
 h - a scroll of fog {unknown}
 m - a scroll of enchant weapon {unknown}
 o - 3 scrolls of amnesia {unknown}
 r - a scroll of summoning {unknown}
 s - 4 scrolls of recharging
 v - 3 scrolls of remove curse
 w - 2 scrolls of fear
 x - 3 scrolls of enchant armour
 A - a scroll of identify
Potions
 b - 3 potions of brilliance
 d - 2 potions of might
 e - 2 potions of ambrosia
 l - 4 potions of flight
 B - 2 potions of agility
 F - a potion of cancellation
 G - a potion of curing
Comestibles
 k - 8 meat rations
 q - 5 bread rations
 z - 2 beef jerkies


   Skills:
 + Level 8.8 Fighting
 + Level 7.8 Axes
 + Level 8.8 Armour
 + Level 6.6 Dodging
 + Level 9.6 Shields


You had 10 spell levels left.
You didn't know any spells.

Dungeon Overview and Level Annotations

Branches:
Dungeon (13/15)            Temple (0/1) D:5            Lair (0/8) D:8
    Orc (0/4) D:9
 Vaults: D:13-14

Altars:
Elyvilon
Fedhas
Kikubaaqudgha
Ru
Sif Muna
Trog
Vehumet
Yredelemnul
The Shining One

Shops:
D:7 %

Annotations:
D:10 Maud


Innate Abilities, Weirdness & Mutations

You are under a permanent stasis effect.
You can dig through walls and to a lower floor.
Your four strong arms can wield two-handed weapons with a shield.
You have a pair of large antennae on your head (SInv).
You cannot be stealthy.
You are hated by all.
You are partially covered in rough black scales (AC +4, Dex -1).
Scrolls take you a little longer to read.
Armour fits poorly on your strangely shaped body.
You are weak. (Str -2)
Your spells are a little easier to cast, but a little less powerful.


Message History

The very large slime creature is moderately wounded.
Two slime creatures merge to form an enormous slime creature.
You completely miss the enormous slime creature.
The enormous slime creature is lightly wounded.
Two slime creatures merge to form a titanic slime creature.
You barely miss the titanic slime creature.
The titanic slime creature is lightly wounded.
You slash the titanic slime creature!
The titanic slime creature is lightly wounded.
You hit the titanic slime creature but do no damage.
The titanic slime creature is lightly wounded.
The titanic slime creature hits you!
You slash the titanic slime creature!
The titanic slime creature is lightly wounded.
You block the titanic slime creature's attack.
You slash the titanic slime creature!
The titanic slime creature is moderately wounded.
The titanic slime creature hits you!!!
Ouch! That really hurt!
You die...

#########
#.......#
#.#####.#
#.# #@# #.#
#J# ######
#.# #.#
...†>#####.#
#.#
####.......#
..#
#########
### {{{


You could see a titanic slime creature.

Vanquished Creatures
  A hill giant (D:10)
  2 centaur zombies
  2 trolls
  A two-headed ogre (D:8)
  A hungry ghost (D:8)
  2 hippogriffs
  3 wargs
  3 phantoms
  5 sky beasts
  4 orc warriors
  5 ice beasts
  A black bear (D:8)
  An ogre (D:4)
  3 centaurs
  5 giant frogs
  Blork the orc (D:5)
  4 scorpions
  5 wights (D:10)
  2 giant frog zombies
  3 crimson imps
  A giant frog skeleton (D:7)
  A centaur skeleton (D:8)
  3 jellies
  12 orc wizards
  A quasit (D:10)
  4 hounds
  6 orc priests
  4 iguanas
  9 worker ants
  2 hound skeletons
  A worker ant zombie (D:7)
  11 adders
  4 oozes
  A worm (D:2)
  An adder skeleton (D:6)
  2 giant geckos
  57 orcs
  11 goblins
  9 hobgoblins
  12 jackals
  4 quokkas
  2 ball pythons
  6 bats
  3 giant cockroaches
  5 giant newts
  A jackal zombie (D:5)
  6 kobolds
  2 quokka skeletons
  8 rats
243 creatures vanquished.

Vanquished Creatures (others)
  An orc warrior (D:9)
  An orc wizard (D:6)
  A giant gecko (D:9)
3 creatures vanquished.

Grand Total: 246 creatures vanquished

Notes
Turn   | Place    | Note
--------------------------------------------------------------
     0 | D:1      | Proton the Formicid Fighter began the quest for the Orb.
     0 | D:1      | Reached XP level 1. HP: 18/18 MP: 1/1
    64 | D:1      | Reached XP level 2. HP: 17/24 MP: 2/2
   640 | D:1      | Reached XP level 3. HP: 27/29 MP: 3/3
   708 | D:1      | Reached skill level 4 in Shields
  1130 | D:2      | Reached XP level 4. HP: 31/36 MP: 4/4
  1145 | D:2      | Reached skill level 1 in Dodging
  1239 | D:2      | Found a radiant altar of Vehumet.
  1241 | D:2      | Found a bloodstained altar of Trog.
  1668 | D:3      | Reached XP level 5. HP: 32/42 MP: 5/5
  2229 | D:3      | Found a sacrificial altar of Ru.
  2237 | D:3      | Became a worshipper of Ru the Awakened
  2679 | D:4      | Noticed an ogre
  2693 | D:5      | Entered Level 5 of the Dungeon
  2778 | D:5      | Reached XP level 6. HP: 38/49 MP: 6/6
  3016 | D:5      | Reached skill level 5 in Shields
  3033 | D:5      | Found a staircase to the Ecumenical Temple.
  3134 | D:5      | Noticed Blork the orc
  3142 | D:5      | Killed Blork the orc
  3259 | D:5      | Reached XP level 7. HP: 40/55 MP: 7/7
  3533 | D:5      | Found a deep blue altar of Sif Muna.
  3564 | D:5      | Reached skill level 5 in Fighting
  3737 | D:6      | Gained mutation: You are partially covered in rough black scales (AC +4, Dex -1). [potion of mutation]
  3737 | D:6      | Gained mutation: You are partially covered in iridescent scales (AC +4). [potion of mutation]
  3737 | D:6      | Gained mutation: Your flesh is cold resistant. [potion of mutation]
  3952 | D:6      | Gained mutation: You cannot be stealthy. [Ru sacrifice]
  3988 | D:6      | Reached skill level 5 in Armour
  3988 | D:6      | Reached skill level 6 in Shields
  3988 | D:6      | Reached XP level 8. HP: 47/63 MP: 8/8
  5072 | D:6      | Reached skill level 5 in Axes
  5072 | D:6      | Reached XP level 9. HP: 30/69 MP: 9/9
  5267 | D:7      | Reached skill level 7 in Shields
  5624 | D:7      | Gained mutation: You are hated by all. [Ru sacrifice]
  5624 | D:7      | Reached * piety under Ru
  5641 | D:7      | Found Archar's Food Shoppe.
  6091 | D:8      | Found a staircase to the Lair.
  6099 | D:8      | Found a blossoming altar of Fedhas.
  6143 | D:8      | Found a white marble altar of Elyvilon.
  6156 | D:8      | Found an ancient bone altar of Kikubaaqudgha.
  6164 | D:8      | Found a basalt altar of Yredelemnul.
  6164 | D:8      | Found a glowing golden altar of the Shining One.
  6268 | D:8      | Reached skill level 8 in Shields
  6268 | D:8      | Reached XP level 10. HP: 61/79 MP: 10/10
  6363 | D:8      | Reached skill level 5 in Dodging
  6697 | D:8      | Lost mutation: Your flesh is cold resistant. [mutagenic meat]
  6698 | D:8      | Gained mutation: You expend magic power (3 MP) to strengthen your wands. [mutagenic meat]
  6699 | D:8      | Gained mutation: You are dopey. (Int -2) [mutagenic meat]
  6700 | D:8      | Lost mutation: You are dopey. (Int -2) [mutagenic meat]
  6802 | D:8      | Gained mutation: Your spells are a little easier to cast, but a little less powerful. [mutagenic meat]
  6804 | D:8      | Gained mutation: Your body sometimes deteriorates upon taking damage. [mutagenic meat]
  7006 | D:9      | Gained mutation: Armour fits poorly on your strangely shaped body. [mutagenic meat]
  7007 | D:9      | Gained mutation: Scrolls take you a little longer to read. [mutagenic meat]
  7008 | D:9      | Gained mutation: You are weak. (Str -2) [mutagenic meat]
  7009 | D:9      | Gained mutation: You are agile. (Dex +2) [mutagenic meat]
  7053 | D:9      | Lost mutation: You are agile. (Dex +2) [potion of cure mutation]
  7053 | D:9      | Lost mutation: You expend magic power (3 MP) to strengthen your wands. [potion of cure mutation]
  7053 | D:9      | Lost mutation: Your body sometimes deteriorates upon taking damage. [potion of cure mutation]
  7053 | D:9      | Lost mutation: You are partially covered in iridescent scales (AC +4). [potion of cure mutation]
  7462 | D:9      | Found a staircase to the Orcish Mines.
  7487 | D:9      | Reached skill level 9 in Shields
  8015 | D:10     | Entered Level 10 of the Dungeon
  8333 | D:10     | Reached XP level 11. HP: 64/87 MP: 11/11
  8421 | D:10     | Noticed a hill giant
  8435 | D:10     | Killed a hill giant
  8635 | D:10     | Noticed Maud
  8644 | D:10     | You fall through a shaft for 3 floors!
  8936 | D:12     | Slain by a titanic slime creature

Vault maps used:
D:1:      dpeg_arrival_morbid_curiosity
D:2:      nicolae_overflow_hidden_temple
D:3:      first_bread, nicolae_ru_path_of_blood
D:5:      tgw_sif, minmay_temple_entry_glassed_door, uniq_blork_the_orc
D:6:      minmay_misc_feat_more_columns
D:7:      serial_shops, kennysheep_mini, kennysheep_decorative_pillar
D:8:      nicolae_overflow_crystal_walls, grunt_temple_overflow_open,
          lair_0_dummy, basic_altar
D:9:      david_orc_1_choice
D:10:     uniq_maud, uniq_snorg
D:12:     enter_trove_5, basic_altar, grunt_pizzeria, uniq_erolcha
D:13:     lemuel_castle_with_subvaults, basic_altar

Action                   |  1- 3 |  4- 6 |  7- 9 | 10-12 || total
-------------------------+-------+-------+-------+-------++-------
Melee: War axe           |   111 |   172 |   358 |   315 ||   956
       Hand axe          |       |       |    34 |    63 ||    97
Invok: Sacrifice Stealth |       |       |     1 |       ||     1
       Sacrifice Love    |       |       |     1 |       ||     1
 Abil: Dig               |     1 |     1 |       |       ||     2
       Shaft Self        |       |       |       |     1 ||     1
  Use: Scroll            |       |       |     7 |     9 ||    16
       Potion            |       |       |     1 |     1 ||     2
  Eat: Bread ration      |     1 |       |     2 |     1 ||     4
       Royal jelly       |       |     1 |     1 |       ||     2
       Pizza             |       |     1 |     1 |       ||     2
       Beef jerky        |       |       |     1 |     1 ||     2
       Chunk             |       |       |       |    11 ||    11
       Meat ration       |       |       |       |     1 ||     1
